 Dungeon Crawl Stone Soup version 0.25.1-2-g60ff931df9 (webtiles) character file.

Game seed: 4647939242511917652

128 H0rd4k the Magician (level 4, -1/24 HPs)
             Began as a Deep Elf Wizard on Oct 30, 2020.
             Slain by a phantom (5 damage)
             ... on level 3 of the Dungeon.
             The game lasted 00:04:31 (3181 turns).

H0rd4k the Magician (Deep Elf Wizard)               Turns: 3181, Time: 00:04:32

Health: -1/24      AC:  2    Str:  3 (4)  XL:     4   Next: 87%
Magic:  13/14      EV: 12    Int: 22 (24) God:
Gold:   104        SH:  0    Dex: 10 (13) Spells: 6/15 levels left

rFire    . . .     SeeInvis .   (no weapon)
rCold    . . .     Gourm    .   (no shield)
rNeg     . . .     Faith    .   a - +0 robe
rPois    .         Spirit   .   b - +0 hat
rElec    .         Reflect  .   (no cloak)
rCorr    .         Harm     .   (no gloves)
MR       .....                  (no boots)
Stlth    ++........             k - amulet of magic regeneration
HPRegen  0.08/turn              (no ring)
MPRegen  0.39/turn              (no ring)

@: no status effects
A: no striking features
a: no special abilities


You were on level 3 of the Dungeon.
You were hungry.

You visited 1 branch of the dungeon, and saw 3 of its levels.

You collected 104 gold pieces.

Inventory:

Armour
 a - a +0 robe (worn)
 b - a +0 hat (worn)
Jewellery
 k - an amulet of magic regeneration (around neck)
 o - a +6 ring of dexterity {unknown}
 p - an uncursed ring of fire {unknown}
Wands
 f - a wand of acid (14)
Scrolls
 c - 7 scrolls of remove curse {unknown}
 e - a scroll of fear
 g - a scroll of teleportation {unknown}
 j - 4 scrolls of identify {unknown}
 l - a scroll of blinking {unknown}
Potions
 i - a potion of degeneration
 m - a potion of curing
Comestibles
 d - 10 rations


   Skills:
 + Level 2.8 Dodging
 + Level 3.1 Stealth
 + Level 6.2 Spellcasting
 + Level 2.6 Conjurations
   Level 1.1 Summonings
 + Level 1.1 Translocations
 * Level 0.5 Fire Magic
 * Level 0.4 Air Magic
 * Level 0.4 Poison Magic


You had 6 spell levels left.
You knew the following spells:

 Your Spells              Type           Power        Failure   Level  Hunger
a - Magic Dart            Conj           ###.         3%          1    None
b - Blink                 Tloc           N/A          9%          2    None
c - Conjure Flame         Conj/Fire      ##......     14%         3    #......
d - Mephitic Cloud        Conj/Pois/Air  ##......     17%         3    #......

Your spell library contained the following spells:

 Spells                   Type           Power        Failure   Level  Hunger
 Call Imp                 Summ           ##......     9%          2    None
 Slow                     Hex            #.......     14%         2    None


Dungeon Overview and Level Annotations

Branches:
Dungeon (3/15)

Altars:
Elyvilon
Makhleb
Qazlal


Message History

Aiming: Magic Dart (safe; 3% risk of failure)
Press: ? - help, Shift-Dir - straight line, f/p - phantom
Aim: a phantom (heavily damaged)
The magic dart hits the phantom.
The phantom is severely damaged.
The phantom hits you. The phantom hits you.
You open the door. The phantom hits you.
* * * LOW HITPOINT WARNING * * *
There is an open door here.
Found a papyrus book.
Casting: Magic Dart (safe; 3% risk of failure)
Confirm with . or Enter, or press ? or * to list all spells.
Aiming: Magic Dart (safe; 3% risk of failure)
Press: ? - help, Shift-Dir - straight line, f/p - phantom
Aim: a phantom (severely damaged)
The magic dart hits the phantom but does no damage.
The phantom is severely damaged.
The phantom hits you.
You die...

♣.P.#.######♣.....♣.....##.#W####
♣P..'##......♣.♣.......##.......
P♣♣♣.......♣.♣...♣.♣W...#.....###
P♣.............♣...######.....#..
...'.>.....♣.♣...♣.♣# #........
.###..........♣.♣...# #.....#..
.# #####.)..♣.....♣.# #.....#..
.# #......♣.♣..^# #.....#.. .#
#.......W@..[# ♣♣.♣..#.. .#
#.....####.....:♣ ♣.♣.)#.. .#
#.....# ####.#♣♣ P.♣..##. .#
#.....# .♣ P ♣.. ♣ .# #.....# .♣
.# #.....# .# #.....# .# #.....#
.# #.....#


You could see a phantom.

Vanquished Creatures
  A hound (D:3)
  4 adders
  3 worms
  2 dart slugs (D:1)
  A leopard gecko (D:3)
  4 orcs (D:3)
  5 goblins
  5 hobgoblins
  4 jackals (D:3)
  2 ball pythons (D:2)
  4 bats
  3 frilled lizards (D:1)
  6 kobolds
  6 rats
50 creatures vanquished.

Notes
Turn   | Place    | Note
-------+----------+-------------------------------------------
     0 | D:1      | H0rd4k the Deep Elf Wizard began the quest for the Orb.
     0 | D:1      | Reached XP level 1. HP: 10/10 MP: 7/7
   564 | D:1      | Reached XP level 2. HP: 15/15 MP: 7/9
   569 | D:1      | Reached skill level 5 in Spellcasting
  1345 | D:2      | Reached XP level 3. HP: 19/19 MP: 8/12
  1666 | D:2      | Learned a level 2 spell: Blink
  1670 | D:2      | Learned a level 3 spell: Conjure Flame
  1674 | D:2      | Learned a level 3 spell: Mephitic Cloud
  2019 | D:2      | Found a stormy altar of Qazlal.
  2020 | D:2      | Noticed an air elemental
  2024 | D:2      | Noticed a water elemental
  2027 | D:2      | Noticed a fire elemental
  2027 | D:2      | Noticed an earth elemental
  2144 | D:2      | Reached skill level 6 in Spellcasting
  2295 | D:3      | Found a faded altar of an unknown god.
  2327 | D:3      | Reached XP level 4. HP: 24/24 MP: 10/14
  2359 | D:3      | Found a white marble altar of Elyvilon.
  2384 | D:3      | Found a burning altar of Makhleb.
  3112 | D:3      | Noticed a phantom
  3181 | D:3      | Slain by a phantom

Illustrated notes

Levels and vault maps discovered:
D:1:      evilmike_arrival_crescent, layout_loops_corners, serial_park_tiny_2,
          fountainhead, hangedman_decor_clover_reticule, minmay_bisected
D:2:      layout_rooms, first_ration, minivault_5,
          nicolae_qazlal_style_of_elements
D:3:      layout_basic, makhleb_heckhound_becter, marbit_many_paths,
          chequers_ecumenical_altar_simple, serial_forest,
          infiniplex_forest_lined_ring, infiniplex_forest_clump_small,
          infiniplex_forest_clump_tiny, infiniplex_forest_corner_2,
          infiniplex_forest_end_2, infiniplex_forest_clump_double

Skill      XL: |  1  2  3  4 |
---------------+-------------+-----
Spellcasting   | 5 6 |  6.2
Conjurations   | 2 |  2.6
Stealth        | 3 |  3.1
Dodging        | |  2.8
Summonings     | |  1.1
Translocations | |  1.1
Fire Magic     | |  0.5
Air Magic      | |  0.4
Poison Magic   | |  0.4

Action                   |  1- 3 |  4- 6 || total
-------------------------+-------+-------++-------
 Cast: Magic Dart        |   100 |    77 ||   177
       Blink             |       |     1 ||     1
  Use: Potion            |       |     3 ||     3
       Scroll            |       |     1 ||     1
  Eat: Chunk             |     4 |     2 ||     6
Armor: Robe              |     2 |     3 ||     5
Dodge: Dodged            |    11 |    12 ||    23
